 Dungeon Crawl Stone Soup version 0.24.0-13-gcf9b3192b9 (console) character file.

Game seed: 946281626805853208, levelgen mode: deterministic

125450 AlterAsc the Swashbuckler (level 16, -5/124 HPs)
             Began as a Vampire Skald on Nov 10, 2019.
             Was the Champion of Kikubaaqudgha.
             Killed from afar by a thorn hunter (23 damage)
             ... with a volley of thorns
             ... on level 4 of the Swamp on Nov 11, 2019.
             The game lasted 02:26:50 (26259 turns).

AlterAsc the Swashbuckler (Vampire Skald)          Turns: 26259, Time: 02:26:51

Health: -5/124     AC: 23    Str: 15    XL:     16   Next: 41%
Magic:  4/26       EV: 22    Int: 18    God:    Kikubaaqudgha [******]
Gold:   2786       SH:  6    Dex: 19    Spells: 3/33 levels left

rFire    . . .     SeeInvis +   a - +8 rapier (pain)
rCold    . . .     Gourm    .   h - +0 buckler
rNeg     . . .     Faith    .   D - +0 swamp dragon scales
rPois    +         Spirit   .   Q - +0 helmet "Nitikud" {rElec MR+ Int+2 Dex+4}
rElec    +         Reflect  .   t - +0 cloak
rCorr    .         Harm     .   e - +2 pair of gloves
MR       ++...                  u - +2 pair of boots
Stlth    +.........             r - amulet of the acrobat
HPRegen  1.50/turn              w - ring of wizardry
MPRegen  0.20/turn              J - +5 ring of protection

@: very slightly contaminated, regenerating, studying Translocations, very slow
A: no food, fangs 3, repulsion field 1, see invisible, low mp 1, unbreathing
a: Exsanguinate, Receive Corpses, Torment, Renounce Religion


You were on level 4 of the Swamp.
You worshipped Kikubaaqudgha.
Kikubaaqudgha was exalted by your worship.
You were alive.

You visited 5 branches of the dungeon, and saw 28 of its levels.
You also visited: Ossuary, Gauntlet and Ice Cave.

You collected 2819 gold pieces.
You spent 33 gold pieces at shops.

Inventory:

Hand Weapons
 a - a +8 rapier of pain (weapon)
 b - a +0 rapier of electrocution
Armour
 e - a +2 pair of gloves (worn)
 h - a +0 buckler (worn)
 t - a +0 cloak (worn)
 u - a +2 pair of boots (worn)
 D - +0 swamp dragon scales (worn)
 Q - the +0 helmet "Nitikud" (worn) {rElec MR+ Int+2 Dex+4}
   (You found it on level 7 of the Dungeon)

   It affects your intelligence (+2).
   It affects your dexterity (+4).
   It insulates you from electricity.
   It affects your resistance to hostile enchantments.
Jewellery
 k - an uncursed ring of protection from fire
 r - an amulet of the acrobat (around neck)
 w - a ring of wizardry (left hand)
 F - an uncursed ring of ice
 J - a +5 ring of protection (right hand)
Wands
 i - a wand of clouds (9)
 A - a wand of enslavement (4)
 L - a wand of iceblast (4)
 N - a wand of random effects (9)
 P - a wand of flame (71)
 R - a wand of digging (24)
 V - a wand of paralysis (24)
 Y - a wand of polymorph (16)
Scrolls
 g - 4 scrolls of magic mapping
 m - 3 scrolls of amnesia
 n - 14 scrolls of remove curse
 p - 2 scrolls of immolation
 q - 2 scrolls of summoning {unknown}
 s - 4 scrolls of random uselessness
 v - a scroll of teleportation
 y - a scroll of fear
 z - 3 scrolls of blinking
 B - 3 scrolls of fog
 G - a scroll of enchant armour
 K - a scroll of identify
 S - 2 scrolls of holy word {unknown}
 T - 2 scrolls of silence
 U - 5 scrolls of vulnerability
Potions
 c - 3 potions of resistance
 j - 6 potions of brilliance
 l - a potion of ambrosia
 o - 3 potions of magic
 x - 4 potions of might
 C - 6 potions of haste
 E - a potion of degeneration
 H - 11 potions of curing
 I - 2 potions of agility
 M - a potion of mutation
 O - 2 potions of invisibility
 W - 3 potions of berserk rage
 X - 6 potions of lignification
 Z - 3 potions of flight
Books
 f - a manual of Translocations


   Skills:
 + Level 10.9 Fighting
 + Level 15.1 Short Blades
 - Level 7.3 Armour
 + Level 12.3 Dodging
 + Level 7.6 Shields
 - Level 9.0 Spellcasting
 - Level 5.0 Hexes
 - Level 6.0 Charms
 + Level 14.1 Necromancy
 * Level 4.9 Ice Magic


You had 3 spell levels left.
You knew the following spells:

 Your Spells              Type           Power        Failure   Level  Hunger
a - Infusion              Chrm           ####         1%          1    N/A
b - Song of Slaying       Chrm           ####....     1%          2    N/A
c - Regeneration          Chrm/Necr      #####.....   1%          3    N/A
d - Spectral Weapon       Hex/Chrm       ####....     1%          3    N/A
e - Animate Dead          Necr           N/A          1%          4    N/A
f - Agony                 Necr           ######..     1%          5    N/A
g - Death Channel         Necr           ######....   3%          6    N/A
h - Simulacrum            Ice/Necr       #####.....   19%         6    N/A

Your spell library contained the following spells:

 Spells                   Type           Power        Failure   Level  Hunger
 Animate Skeleton         Necr           N/A          1%          1    N/A
 Confusing Touch          Hex            ####..       1%          1    N/A
 Corona                   Hex            ####...      1%          1    N/A
 Pain                     Necr           ####         1%          1    N/A
 Corpse Rot               Necr           N/A          1%          2    N/A
 Slow                     Hex            ####....     1%          2    N/A
 Sublimation of Blood     Necr           ######....   1%          2    N/A
 Shroud of Golubria       Chrm/Tloc      ###...       2%          2    N/A
 Confuse                  Hex            ####....     2%          3    N/A
 Apportation              Tloc           #.....       6%          1    N/A
 Flame Tongue             Conj/Fire      #....        6%          1    N/A
 Magic Dart               Conj           #...         6%          1    N/A
 Sandblast                Erth           #.....       6%          1    N/A
 Sting                    Conj/Pois      #...         6%          1    N/A
 Summon Small Mammal      Summ           #...         6%          1    N/A
 Dazzling Spray           Conj/Hex       ###...       7%          3    N/A
 Inner Flame              Hex/Fire       ###.....     7%          3    N/A
 Portal Projectile        Hex/Tloc       ###...       7%          3    N/A
 Summon Guardian Golem    Hex/Summ       ###.....     7%          3    N/A
 Blink                    Tloc           N/A          10%         2    N/A
 Call Imp                 Summ           #.......     10%         2    N/A
 Passwall                 Tmut/Erth      #.......     10%         2    N/A
 Poisonous Vapours        Pois/Air       #.....       10%         2    N/A
 Searing Ray              Conj           #.....       10%         2    N/A
 Throw Flame              Conj/Fire      #.....       10%         2    N/A
 Call Canine Familiar     Summ           #.......     19%         3    N/A
 Conjure Flame            Conj/Fire      #.......     19%         3    N/A
 Gell's Gravitas          Tloc           #.........   19%         3    N/A
 Mephitic Cloud           Conj/Pois/Air  #.......     19%         3    N/A
 Recall                   Summ/Tloc      N/A          19%         3    N/A
 Stone Arrow              Conj/Erth      #.....       19%         3    N/A
 Dispel Undead            Necr           ######..     1%          5    N/A
 Excruciating Wounds      Chrm/Necr      #####.....   2%          5    N/A
 Cause Fear               Hex            ####......   9%          4    N/A
 Bolt of Draining         Conj/Necr      ####......   10%         5    N/A
 Borgnjor's Vile Clutch   Necr/Erth      ####......   10%         5    N/A
 Fulminant Prism          Conj/Hex       ###.......   22%         4    N/A
 Leda's Liquefaction      Hex/Erth       ###.......   22%         4    N/A
 Summon Ice Beast         Ice/Summ       ###.....     22%         4    N/A
 Metabolic Englaciation   Hex/Ice        ####......   22%         5    N/A
 Force Lance              Conj/Tloc      #.......     50%         4    N/A
 Iskenderun's Mystic Bla  Conj           #.......     50%         4    N/A
 Olgreb's Toxic Radiance  Pois           #.......     50%         4    N/A
 Petrify                  Tmut/Erth      #.......     50%         4    N/A
 Sticky Flame             Conj/Fire      #.......     50%         4    N/A
 Summon Lightning Spire   Summ/Air       #.......     50%         4    N/A
 Yara's Violent Unravell  Hex/Tmut       ###.......   50%         5    N/A
 Fireball                 Conj/Fire      #.........   83%         5    N/A
 Lee's Rapid Deconstruct  Erth           #.........   83%         5    N/A
 Venom Bolt               Conj/Pois      #.........   83%         5    N/A
 Freezing Cloud           Conj/Ice/Air   ##........   99%         6    N/A
 Ring of Flames           Chrm/Fire      ###.......   100%        7    N/A

Dungeon Overview and Level Annotations

Branches:
Dungeon (15/15)            Temple (1/1) D:5            Lair (6/6) D:8
  Swamp (4/4) Lair:2        Snake (0/4) Lair:4        Slime (0/5) Lair:6
    Orc (2/2) D:12            Elf (0/3) Orc:2        Vaults (0/5) D:14
 Depths (0/5) D:15        Ossuary (visited)           IceCv (visited)
Gauntlet (visited)

Altars:
Ashenzari
Cheibriados
Dithmenos
Elyvilon
Fedhas
Gozag
Hepliaklqana
Kikubaaqudgha
Makhleb
Nemelex Xobeh
Okawaru
Qazlal
Ru
Sif Muna
Trog
Uskayaw
Vehumet
Wu Jian
Xom
Yredelemnul
Zin
The Shining One
Beogh

Shops:
D:5 [   Orc:2 =*[(

Annotations:
D:7 3 runed translucent doors, SnubMonkey's ghost, novice TrCK
D:8 Gastronok
D:9 1 runed translucent door, VPR's ghost, journeyman MiBe


Innate Abilities, Weirdness & Mutations

You do not eat.
Your natural rate of healing is unusually fast.
You have razor-sharp teeth.
You have supernaturally acute eyesight. (SInv)
You can survive without breathing.
You are surrounded by a mild repulsion field. (EV +2)
Your magical capacity is low. (-10% MP)


Message History

Your unstable footing causes you to fumble your attack.
Your skin stops crawling.
The thorn hunter fires a volley of thorns at you.
The volley of thorns hits you!!
* * * LOW HITPOINT WARNING * * *
The six-headed hydra bites you but does no damage.
The six-headed hydra closely misses you.
You block the six-headed hydra's attack. x2
The six-headed hydra misses you. The six-headed hydra barely misses you.
As you read the scroll of fear, it crumbles to dust.
You assume a fearsome visage.
The bog body is unaffected.
The six-headed hydra looks frightened!
The thorn hunter is unaffected.
The briar patch crumbles away. x2
Casting: Regeneration (safe; 1% risk of failure)
Confirm with . or Enter, or press ? or * to list all spells.
Your skin crawls.
The briar patch crumbles away. x2
The thorn hunter fires a volley of thorns at you.
The volley of thorns hits you!!
You die...
Kikubaaqudgha rasps: "You have failed me!
Welcome... death!"

≈≈..≈.t.≈≈≈♣i.≈≈.§..≈***≈,≈≈,≈*
≈≈....≈≈.♣♣♣≈.≈≈.♣♣♣** **,,≈***
wJ.≈.Dy≈.♣ ♣♣♣≈♣♣♣*♣♣♣♣♣≈,,≈*
≈♣.≈..♣♣♣♣ ♣n♣♣♣*♣PPP...≈,**
≈♣.≈≈.♣* ♣♣.≈♣♣....§./,,*
♣♣≈≈≈≈≈♣ ♣♣)♣.≈....).***
≈.≈≈≈≈♣♣ ♣♣♣nD≈≈..≈≈≈**
≈.≈≈.♣♣***** ♣..†≈≈≈.≈≈≈≈≈**
.§§≈.♣**≈≈,* ♣≈≈@.♣♣♣♣♣♣*≈≈*
....≈≈≈≈,,,**♣PPPP♣≈≈* **≈*
.,♣♣#≈≈,,≈....≈PPP..≈*******
*******≈,)..?≈.≈f<♣♣♣≈≈≈,≈**
≈≈,*****,≈§.≈....♣♣,,,,≈≈≈≈*
≈≈,,,,***k.≈.≈...♣≈≈≈≈≈≈≈≈≈*
≈≈,,,,,,*♣≈≈≈≈≈...≈≈,≈≈,,,≈*
≈≈≈≈,,,,,.≈.≈≈≈≈≈≈≈≈≈≈≈≈****
≈≈≈≈≈,,**,≈,,≈≈≈≈≈≈≈≈≈,≈*


You could see a thorn hunter, a six-headed hydra (fleeing), a bog body and a
swamp drake.

Vanquished Creatures
  The ghost of Yfrazar the Blocker, an adept GnFi of Okawaru (Swamp:2)
  A thorn hunter (Swamp:3)
  Donald (Swamp:2)
  An orc warlord (Orc:2)
  Aizul (Swamp:3)
  A stone giant (Orc:2)
  A very ugly thing (Swamp:2)
  Snorg (D:13)
  7 hydras
  2 vault guards (D:14)
  3 centaur warriors
  2 two-headed ogres
  A ghost crab (Swamp:3)
  2 death knights (D:15)
  3 tengu warriors
  7 alligators
  Urug (D:13)
  2 orc high priests (Orc:2)
  2 fire crabs (Lair:5)
  4 unseen horrors
  A glowing orange brain (D:15)
  A spriggan druid (Swamp:3)
  2 wizards (D:14)
  6 swamp dragons
  3 phantasmal warriors (D:15)
  3 necromancers
  3 orc knights (Orc:2)
  7 ugly things
  2 deep elf magi
  2 wolf spider zombies
  An oklob plant (Lair:5)
  5 orc sorcerers
  7 slime creatures
  4 cyclopes
  8 elephants
  2 manticores
  Maurice (D:9)
  3 black mambas
  Joseph (D:8)
  An orange demon (Lair:6)
  2 gargoyles
  17 spiny frogs
  2 komodo dragons
  2 ice devils (D:12)
  An efreet (D:15)
  A freezing wraith (D:14)
  10 trolls
  A tengu conjurer (D:12)
  2 queen bees
  A polar bear (Lair:6)
  3 meliai (D:12)
  3 tyrant leeches
  9 hornets
  A polar bear (shapeshifter) (D:15)
  4 bog bodies
  4 dream sheep (Lair:5)
  10 hippogriffs
  5 blink frogs
  A vampire (D:15)
  Sigmund (D:2)
  A tarantella (shapeshifter) (D:15)
  2 spriggans (shapeshifter)
  A shadow (D:11)
  5 wyverns
  2 wraiths (D:15)
  3 spriggans
  4 basilisks
  14 humans (D:14)
  36 yaks
  2 hungry ghosts
  11 vampire mosquitoes
  6 wargs
  2 insubstantial wisps (Swamp:3)
  A warg (shapeshifter) (D:15)
  8 swamp worms
  4 nagas (Lair:4)
  3 acid dragons
  A hell hound (Lair:6)
  5 porcupines
  13 water moccasins
  4 ice beasts
  3 black bears
  A phantom (D:11)
  3 sky beasts
  10 ogres
  A swamp drake (Swamp:4)
  24 orc warriors
  2 eyes of draining
  17 centaurs
  A necrophage (D:9)
  3 big kobolds
  8 crocodiles
  2 wyvern zombies
  24 bullfrogs
  3 scorpions
  41 killer bees
  2 electric eels (D:9)
  5 wights (D:8)
  8 howler monkeys
  5 crimson imps
  2 bullfrog zombies (D:11)
  3 centaur zombies
  2 quasits
  6 jellies
  21 orc priests
  Crazy Yiuf (D:2)
  6 hounds
  25 orc wizards
  A bullfrog skeleton (D:7)
  3 centaur skeletons
  12 worker ants
  5 iguanas
  3 polar bear simulacra (Lair:3)
  A yak simulacrum (Lair:3)
  5 wolf simulacra (Lair:3)
  5 hound skeletons
  8 mummies (Ossuary)
  A worker ant zombie (D:11)
  4 gnolls
  9 adders
  4 shadow imps
  2 oozes
  An adder skeleton (D:4)
  2 worms
  3 dart slugs
  4 leopard geckos
  48 orcs
  7 bats
  5 giant cockroaches
  A gnoll zombie (Ossuary)
  7 goblins
  5 hobgoblins
  16 jackals
  17 kobolds
  6 quokkas
  7 frilled lizards
  5 hobgoblin zombies (Ossuary)
  A kobold zombie (D:6)
  2 orc zombies (Ossuary)
  10 rats
  2 river rat simulacra (Lair:3)
  A plant (Lair:5)
757 creatures vanquished.

Vanquished Creatures (collateral kills)
  A tentacled monstrosity (Swamp:2)
  4 slime creatures
  5 hydras
  5 shambling mangroves
  2 ghost crabs
  A centaur warrior (D:14)
  A death yak (Lair:6)
  7 alligators
  2 orc high priests (Orc:2)
  A sixfirhy (Lair:6)
  4 swamp dragons
  A wizard (Lair:6)
  2 moths of wrath (Swamp:2)
  9 elephants
  7 spiny frogs
  2 rime drakes (Lair:6)
  2 komodo dragons
  A hydra zombie (Swamp:2)
  4 tyrant leeches
  15 hornets
  A hippogriff (Lair:6)
  2 blink frogs (Lair:6)
  4 bog bodies
  2 dream sheep (Lair:5)
  4 spriggans
  A yak (Lair:6)
  A shadow (Swamp:2)
  6 humans (D:14)
  A basilisk (Lair:6)
  A hungry ghost (D:13)
  31 vampire mosquitoes
  3 wargs
  An insubstantial wisp (Swamp:3)
  4 swamp worms
  A water moccasin (Lair:4)
  2 porcupines
  A black bear (shapeshifter) (D:15)
  A sky beast (D:13)
  An ogre (Orc:1)
  8 orc warriors
  2 swamp drakes (Swamp:4)
  A hornet zombie (Swamp:2)
  2 crocodiles
  A komodo dragon zombie (Swamp:2)
  3 bullfrogs
  A killer bee (D:12)
  4 orc priests (Orc:2)
  9 jellies (Lair:6)
  5 orc wizards (Orc:2)
  2 gnolls (Orc:1)
  A swamp drake zombie (Swamp:2)
  A shadow imp (D:15)
  An ooze (Lair:6)
  9 orcs
  A butterfly (Lair:6)
  3 fungi
  2 plants
200 creatures vanquished.

Vanquished Creatures (others)
  An unseen horror (D:11)
  A quokka (D:8)
  4 briar patches (Swamp:3)
  8 demonic plants (Gauntlet)
  8 fungi
  7 plants
  14 spectral weapons
43 creatures vanquished.

Grand Total: 1000 creatures vanquished

Notes
Turn   | Place    | Note
-------+----------+-------------------------------------------
     0 | D:1      | AlterAsc the Vampire Skald began the quest for the Orb.
     0 | D:1      | Reached XP level 1. HP: 16/16 MP: 3/3
   148 | D:1      | Reached skill level 1 in Armour
   155 | D:1      | Reached XP level 2. HP: 4/22 MP: 1/5
   577 | D:2      | Reached XP level 3. HP: 22/27 MP: 6/6
   718 | D:2      | Reached skill level 3 in Short Blades
   828 | D:2      | Learned a level 2 spell: Song of Slaying
   836 | D:2      | Noticed Sigmund
   863 | D:2      | HP: 1/27 [Sigmund/+0 scythe (11)]
   864 | D:2      | Killed Sigmund
   864 | D:2      | Reached skill level 4 in Short Blades
   864 | D:2      | Reached XP level 4. HP: 2/34 MP: 6/8
   864 | D:2      | Reached XP level 5. HP: 2/40 MP: 6/9
   872 | D:2      | HP: 2/40 [adder (3)]
   939 | D:2      | Learned a level 3 spell: Regeneration
   943 | D:2      | Learned a level 3 spell: Spectral Weapon
  1079 | D:2      | Found a runed translucent door.
  1080 | D:2      | Noticed Crazy Yiuf
  1094 | D:2      | Killed Crazy Yiuf
  1237 | D:3      | Reached XP level 6. HP: 37/46 MP: 3/10
  1693 | D:3      | Found a shimmering blue altar of Sif Muna.
  1906 | D:4      | Reached skill level 5 in Short Blades
  2176 | D:4      | Got a pitted dagger
  2177 | D:4      | Identified the +6 dagger of Uschekypty {pierce, rPois rC+
                  | rN+} (You found it on level 4 of the Dungeon)
  2352 | D:5      | Entered Level 5 of the Dungeon
  2518 | D:4      | Reached skill level 6 in Short Blades
  2518 | D:4      | Reached XP level 7. HP: 52/52 MP: 6/12
  2833 | D:5      | Found Xeut's Antique Armour Shop.
  2861 | D:5      | Reached skill level 7 in Short Blades
  2886 | D:5      | Found a snail-covered altar of Cheibriados.
  3009 | D:5      | Found a staircase to the Ecumenical Temple.
  3016 | D:5      | Reached skill level 8 in Short Blades
  3029 | Temple   | Entered the Ecumenical Temple
  3260 | D:5      | Reached XP level 8. HP: 31/58 MP: 13/13
  3303 | D:5      | Found a radiant altar of Vehumet.
  3511 | D:6      | Found a sand-covered staircase.
  3531 | D:6      | Reached skill level 9 in Short Blades
  3598 | D:6      | Found a hide-covered altar of Uskayaw.
  3760 | D:6      | Found a shimmering altar of Xom.
  3760 | D:6      | Found an ancient bone altar of Kikubaaqudgha.
  3761 | D:6      | Found a shattered altar of Ashenzari.
  3768 | D:6      | Became a worshipper of Kikubaaqudgha
  3861 | Ossuary  | Entered an ossuary
  4741 | D:7      | Got a dazzling helmet
  4747 | D:7      | Identified the cursed +0 helmet "Nitikud" {rElec MR+ Int+2
                  | Dex+4} (You found it on level 7 of the Dungeon)
  4911 | D:7      | Reached skill level 10 in Short Blades
  5009 | D:7      | Noticed SnubMonkey's ghost (novice TrCK)
  5009 | D:7      | Noticed a slime creature
  5093 | D:7      | Found a runed translucent gate.
  5093 | D:7      | Found a runed translucent gate.
  5095 | D:7      | Found a runed translucent gate.
  5205 | D:7      | Reached skill level 1 in Hexes
  5288 | D:7      | Reached skill level 1 in Necromancy
  5336 | D:7      | Noticed a hippogriff
  5348 | D:7      | Reached skill level 5 in Charms
  5356 | D:7      | Killed a hippogriff
  5411 | D:7      | Found an iron altar of Okawaru.
  5558 | D:8      | Reached * piety under Kikubaaqudgha
  5558 | D:8      | Identified Kikubaaqudgha's Volume of Sinister Rites
                  | (Kikubaaqudgha gifted it to you on level 8 of the Dungeon)
  5558 | D:8      | Received a gift from Kikubaaqudgha
  5597 | D:8      | Reached XP level 9. HP: 65/65 MP: 9/14
  5606 | D:8      | Noticed a queen bee
  5623 | D:8      | Killed a queen bee
  5840 | D:8      | Noticed Gastronok
  6134 | D:8      | Found a white marble altar of Elyvilon.
  6197 | D:8      | Found a staircase to the Lair.
  6210 | D:8      | Reached skill level 5 in Hexes
  6247 | D:8      | Noticed Joseph
  6280 | D:8      | Killed Joseph
  6313 | D:8      | Reached skill level 5 in Fighting
  6313 | D:8      | Reached skill level 5 in Dodging
  6632 | D:8      | Found an opulent altar of Gozag.
  6633 | D:8      | Found a glowing silver altar of Zin.
  6637 | D:8      | Reached ** piety under Kikubaaqudgha
  6637 | D:8      | Reached XP level 10. HP: 69/74 MP: 16/16
  6951 | D:9      | Found a runed translucent door.
  6952 | D:9      | Noticed an orc knight
  6952 | D:9      | Noticed VPR's ghost (journeyman MiBe)
  7036 | D:9      | Found a bloodstained altar of Trog.
  7041 | D:9      | Reached skill level 5 in Necromancy
  7057 | D:9      | Noticed Maurice
  7073 | D:9      | Killed Maurice
  7284 | D:9      | Found a sacrificial altar of Ru.
  7390 | D:9      | Reached *** piety under Kikubaaqudgha
  7390 | D:9      | Identified Kikubaaqudgha's Handbook of Unholy Magic
                  | (Kikubaaqudgha gifted it to you on level 9 of the Dungeon)
  7390 | D:9      | Received a gift from Kikubaaqudgha
  7522 | D:9      | Noticed a two-headed ogre
  7538 | D:9      | Killed a two-headed ogre
  7758 | D:10     | Entered Level 10 of the Dungeon
  7871 | D:10     | Reached XP level 11. HP: 83/83 MP: 13/18
  7912 | D:10     | Found a snail-covered altar of Cheibriados.
  8022 | D:10     | Reached skill level 5 in Spellcasting
  8555 | D:11     | Reached **** piety under Kikubaaqudgha
  8616 | D:11     | Noticed a centaur warrior
  8783 | D:11     | Found the +3 sling "Punk" {acid, rCorr}
  8880 | D:11     | Noticed an unseen horror
  9259 | D:11     | Found an ornate altar of the Wu Jian Council.
  9260 | D:11     | Found an iron altar of Okawaru.
  9280 | D:11     | Killed an unseen horror
  9297 | D:11     | Reached ***** piety under Kikubaaqudgha
  9319 | D:11     | Found a shimmering blue altar of Sif Muna.
  9319 | D:11     | Found an iron altar of Okawaru.
  9436 | D:11     | Killed a centaur warrior
  9436 | D:11     | Reached skill level 5 in Armour
  9706 | D:11     | Reached skill level 11 in Short Blades
 10392 | Lair:1   | Entered Level 1 of the Lair of Beasts
 10675 | Lair:1   | Noticed a four-headed hydra
 10729 | Lair:1   | Reached XP level 12. HP: 79/91 MP: 18/22
 10796 | Lair:1   | Killed a four-headed hydra
 10796 | Lair:1   | Reached skill level 1 in Shields
 11440 | Lair:2   | Noticed a five-headed hydra
 11453 | Lair:2   | Killed a five-headed hydra
 12237 | Lair:2   | Noticed a seven-headed hydra
 12248 | Lair:2   | Killed a seven-headed hydra
 12466 | Lair:2   | Found a staircase to the Swamp.
 12722 | Lair:3   | Learned a level 4 spell: Animate Dead
 12728 | Lair:3   | Learned a level 5 spell: Agony
 12735 | Lair:3   | Learned a level 6 spell: Death Channel
 13664 | Lair:4   | Found a staircase to the Snake Pit.
 13686 | Lair:4   | Reached skill level 5 in Shields
 13727 | Lair:4   | Reached XP level 13. HP: 91/99 MP: 7/23
 14483 | D:12     | Found a frozen archway.
 14551 | IceCv    | Entered an ice cave
 14739 | D:12     | Found a gate leading to a gauntlet.
 14748 | Gauntlet | Entered a Gauntlet
 14748 | Gauntlet | Found a large runed translucent door.
 14748 | Gauntlet | Found a large runed translucent door.
 14748 | Gauntlet | Found a large runed translucent door.
 14748 | Gauntlet | Found a large runed translucent door.
 14748 | Gauntlet | Found a large runed translucent door.
 14748 | Gauntlet | Found a large runed translucent door.
 14748 | Gauntlet | Found a runed translucent door.
 14748 | Gauntlet | Found a transporter.
 14748 | Gauntlet | Found a transporter.
 14748 | Gauntlet | Found a runed translucent door.
 14748 | Gauntlet | Found a large runed translucent door.
 14748 | Gauntlet | Found a large runed translucent door.
 14748 | Gauntlet | Found a large runed translucent door.
 14748 | Gauntlet | Found a large runed translucent door.
 14748 | Gauntlet | Found a large runed translucent door.
 14748 | Gauntlet | Found a large runed translucent door.
 14752 | Gauntlet | Found a transporter.
 14752 | Gauntlet | Found a transporter.
 14763 | Gauntlet | Found a transporter.
 14776 | Gauntlet | Found a transporter.
 14780 | Gauntlet | Found a transporter.
 14785 | Gauntlet | Found a transporter.
 14793 | Gauntlet | Found a transporter.
 14814 | Gauntlet | Found a transporter.
 14821 | Gauntlet | Found a transporter.
 14834 | Gauntlet | Found a large runed translucent door.
 14835 | Gauntlet | Found a large runed translucent door.
 14837 | Gauntlet | Found a runed translucent gate.
 14838 | Gauntlet | Found a runed translucent gate.
 14839 | Gauntlet | Found a transporter.
 14839 | Gauntlet | Found a runed translucent gate.
 14857 | Gauntlet | Found a large runed translucent door.
 14858 | Gauntlet | Found a large runed translucent door.
 14885 | Gauntlet | Found a transporter.
 14899 | Gauntlet | Found a transporter.
 15001 | Gauntlet | Found a transporter.
 15019 | Gauntlet | Found a transporter.
 15371 | D:12     | Reached skill level 12 in Short Blades
 15436 | D:12     | Found a staircase to the Orcish Mines.
 15461 | Orc:1    | Entered Level 1 of the Orcish Mines
 15534 | Orc:2    | Entered Level 2 of the Orcish Mines
 15695 | Orc:2    | Noticed an orc warlord
 15729 | Orc:2    | Noticed a stone giant
 15779 | Orc:2    | Killed a stone giant
 15779 | Orc:2    | Reached skill level 10 in Dodging
 16013 | Orc:2    | Found a staircase to the Elven Halls.
 16077 | Orc:2    | Found a burning altar of Makhleb.
 16332 | Orc:2    | Reached ****** piety under Kikubaaqudgha
 16599 | Orc:2    | Reached skill level 10 in Necromancy
 16808 | Orc:2    | Killed an orc warlord
 16895 | Orc:2    | Found Sekkibeit's General Store.
 16896 | Orc:2    | Found Ochevum's Jewellery Shoppe.
 16898 | Orc:2    | Found Siydghov's Antique Armour Emporium.
 16898 | Orc:2    | Found Xoatoarph's Antique Weapon Emporium.
 16947 | Orc:2    | Identified a +2 rapier of pain (a +0 rapier bloodied by
                  | Kikubaaqudgha)
 16947 | Orc:2    | Received a gift from Kikubaaqudgha
 16988 | Orc:2    | Bought a potion of curing for 33 gold pieces
 17600 | D:12     | Reached XP level 14. HP: 108/108 MP: 24/24
 17705 | D:12     | Reached skill level 13 in Short Blades
 18414 | Lair:5   | You fall into a shaft and drop 1 floor!
 18414 | Lair:6   | Entered Level 6 of the Lair of Beasts
 18586 | Lair:6   | Reached skill level 14 in Short Blades
 18885 | Lair:6   | Found a staircase to the Slime Pits.
 19164 | Lair:6   | Found a burning altar of Makhleb.
 20007 | D:13     | Noticed Snorg
 20016 | D:13     | Killed Snorg
 20139 | D:13     | Found a roughly hewn altar of Beogh.
 20326 | D:13     | Noticed Urug
 20349 | D:13     | Killed Urug
 21243 | D:14     | Reached XP level 15. HP: 115/115 MP: 17/25
 21262 | D:14     | Found a gate to the Vaults.
 21564 | D:15     | Entered Level 15 of the Dungeon
 21724 | D:15     | Reached skill level 10 in Fighting
 22367 | D:15     | Found a staircase to the Depths.
 23005 | Swamp:1  | Entered Level 1 of the Swamp
 23107 | Swamp:1  | Got a faintly humming leather armour
 23118 | Swamp:1  | Identified the +2 leather armour of Ucexog {Int+4 Dex+8}
                  | (You found it on level 1 of the Swamp)
 23819 | Swamp:2  | Noticed Yfrazar's ghost (adept GnFi)
 23831 | Swamp:2  | Found a transporter.
 23848 | Swamp:2  | Noticed Donald
 23860 | Swamp:2  | Killed Donald
 24024 | Swamp:2  | Learned a level 6 spell: Simulacrum
 24183 | Swamp:2  | Found a transporter.
 24338 | Swamp:2  | Noticed a tentacled monstrosity
 24387 | Swamp:2  | Killed a tentacled monstrosity
 24387 | Swamp:2  | Reached skill level 1 in Ice Magic
 24676 | Swamp:2  | Killed Yfrazar's ghost
 24704 | Swamp:2  | Got a pair of ichor-stained boots
 24715 | Swamp:2  | Identified the +2 pair of boots of the Harvest {*Contam
                  | *Slow rN+ Str+4} (You found it on level 2 of the Swamp)
 24749 | Swamp:2  | Gained mutation: Armour fits poorly on your strangely
                  | shaped body. [mutagenic glow]
 24750 | Swamp:2  | Lost mutation: Armour fits poorly on your strangely shaped
                  | body. [potion of mutation]
 24750 | Swamp:2  | Gained mutation: Your magical capacity is low. (-10% MP)
                  | [potion of mutation]
 24750 | Swamp:2  | Gained mutation: You are surrounded by a mild repulsion
                  | field. (EV +2) [potion of mutation]
 24794 | Swamp:3  | Reached XP level 16. HP: 110/123 MP: 21/26
 24909 | Swamp:3  | Noticed Aizul
 24947 | Swamp:3  | Killed Aizul
 25269 | Swamp:3  | Reached skill level 15 in Short Blades
 25785 | Swamp:4  | Entered Level 4 of the Swamp
 25826 | Swamp:4  | Noticed a thorn hunter
 26116 | Swamp:3  | Killed a thorn hunter
 26239 | Swamp:4  | Noticed a thorn hunter
 26259 | Swamp:4  | Killed from afar by a thorn hunter

Levels and vault maps discovered:
D:1:      dpeg_arrival_snail, layout_rooms, chequers_garden, bh_walls_and_bars
D:2:      layout_basic, minmay_box_of_dots, uniq_crazy_yiuf_cottage,
          uniq_sigmund
D:3:      minmay_evil_eye, layout_basic, led_sif_pool,
          hangedman_decor_diamond_cutter, corexii_item_surrounded_by_moat
D:4:      layout_loops_ring
D:5:      layout_loops_corners, kennysheep_little_box, kennysheep_slug_shrine,
          minmay_temple_entry_hall, first_ration, serial_shops,
          nicolae_shop_temple_entry_statues_fountains
D:6:      layout_loops_corners, gammafunk_temple_overflow_claw,
          lemuel_coloured_pillars_altar, enter_ossuary_3
D:7:      layout_basic, kennysheep_mini, gammafunk_ghost_split
D:8:      layout_loops_corners, grunt_temple_overflow_gold_and_silver,
          grunt_lair_entry_orc_guard_hut, david_nohive_1, elyvilon_altar_4,
          uniq_joseph, uniq_gastronok
D:9:      layout_roguey, nicolae_ru_sacrificial_ziggurat,
          nicolae_overflow_crystal_walls, ebering_ghost_inner_flame,
          nrook_pool_corridor, uniq_maurice
D:10:     layout_loops_ring, basic_altar
D:11:     minmay_the_grid_octo_tiled_squarecenter
          [minmay_the_grid_octo_tetromino_candy, minmay_the_grid_octo_shrine,
          minmay_the_grid_octo_thin_diamonds, minmay_the_grid_octo_toaster,
          minmay_the_grid_square_5x5_megaprize_checkered,
          minmay_the_grid_square_5x5_meh, minmay_the_grid_square_5x5_moneybag,
          minmay_the_grid_square_5x5_bracketed,
          minmay_the_grid_square_5x5_two_walls_a], layout_layer_cave
D:12:     layout_roguey [special_room_bee], minmay_orc_entry_guard_dogs,
          portal_ice_cave_demonic_guard, gauntlet_entry_generic
D:13:     layout_loops_ring, david_defended_altar_orc, uniq_urug, uniq_snorg
D:14:     layout_roguey, grunt_vaults_entry_tiered,
          minmay_misc_feat_four_crosses
D:15:     gammafunk_enter_depths_forms, layout_loops_ring,
          minmay_splitting_lines
Temple:   compressed_dpeg_circular_temple
Lair:1:   layout_cave_shapes
Lair:2:   cheibrodos_lair_river_kwai, layout_cave_pods,
          minmay_swamp_entry_swarm, grunt_forest_stairs_basic
Lair:3:   layout_long_grid, eino_house_with_fridge, grunt_megastairs_4
Lair:4:   layout_roguey, minmay_snake_entry_guardpost_small,
          serial_bayou_shore_a
Lair:5:   wad_woods_04, layout_regular_city, st_stairs_6
Lair:6:   evil_forest, layout_long_grid, minmay_slime_entry_jelly_boxes,
          lemuel_fruit_fields
Swamp:1:  layout_basic_swamp, evilmike_swamp_ruin_house_2, swamp_pool1
Swamp:2:  cheibrodos_swamp_monstrosity, layout_basic_swamp,
          gammafunk_ghost_berserking_beasts, evilmike_swamp_ruin_house_4,
          swamp_pool2, hangedman_swamp_pad, nicolae_swamp_necromancer_hut,
          uniq_donald
Swamp:3:  layout_basic_swamp, evilmike_swamp_ruin_rubble_2, swamp_pool1,
          infiniplex_staircase_pool, uniq_aizul
Swamp:4:  swamp_alternative, layout_basic_swamp, swamp_pool5
Orc:1:    layout_diamond_mine, uniq_erica
Orc:2:    st_orc_congregation, layout_caves, basic_altar

Skill      XL: |  1  2  3  4  5  6  7  8  9 10 11 12 13 14 15 16 |
---------------+-------------------------------------------------+-----
Armour         | 1 2 4 5 6 7 |  7.3
Fighting       | 2 3 5 6 7 8 9 10 | 10.9
Short Blades   | 4 6 8 10 11 12 14 15 | 15.1
Charms         | 4 5 6 |  6.0
Spellcasting   | 3 4 6 7 9 |  9.0
Hexes          | 2 5 |  5.0
Necromancy     | 1 4 6 7 8 10 13 14 | 14.1
Dodging        | 3 5 7 8 9 10 11 12 | 12.3
Shields        | 5 7 |  7.6
Ice Magic      | 2 4 |  4.9

Action                   |  1- 3 |  4- 6 |  7- 9 | 10-12 | 13-15 | 16-18 || total
-------------------------+-------+-------+-------+-------+-------+-------++-------
Melee: Short sword       |   103 |       |       |       |       |       ||   103
       Bite              |     5 |    14 |    42 |   179 |   234 |    30 ||   504
       Dagger            |    20 |   150 |   422 |   827 |     6 |       ||  1425
       Rapier            |       |       |       |   381 |  1755 |   221 ||  2357
Throw: Stone             |       |       |     1 |     2 |       |       ||     3
 Cast: Infusion          |    14 |     9 |     4 |     2 |       |       ||    29
       Song of Slaying   |     1 |       |     1 |    10 |     1 |       ||    13
       Regeneration      |       |     1 |    14 |    64 |    67 |    16 ||   162
       Spectral Weapon   |       |       |     7 |    33 |     1 |     1 ||    42
       Agony             |       |       |       |     8 |    15 |       ||    23
       Death Channel     |       |       |       |       |    80 |     7 ||    87
       Animate Dead      |       |       |       |       |    13 |    14 ||    27
Invok: Receive Corpses   |       |       |       |       |     5 |     3 ||     8
       Torment           |       |       |       |       |     1 |       ||     1
       Brand Weapon With |       |       |       |       |     1 |       ||     1
 Abil: Exsanguinate      |       |       |       |       |     1 |       ||     1
       Revivify          |       |       |       |       |     1 |       ||     1
  Use: Potion            |     1 |     1 |       |     1 |     7 |     3 ||    13
       Scroll            |       |     5 |     9 |    10 |    30 |     5 ||    59
 Stab: Sleeping          |     1 |       |       |     2 |       |       ||     3
       Distracted        |       |       |     2 |     6 |    23 |     3 ||    34
       Invisible         |       |       |       |       |     7 |     6 ||    13
       Confused          |       |       |       |       |       |     2 ||     2
Armor: Leather armour    |    20 |    38 |   109 |    64 |       |       ||   231
       Troll leather arm |       |       |       |    61 |       |       ||    61
       Swamp dragon scal |       |       |       |   139 |   446 |    92 ||   677
Dodge: Dodged            |    78 |    82 |   160 |   635 |  1001 |   280 ||  2236
Block: Buckler           |       |       |       |    89 |   348 |    57 ||   494
